" = shift queue ">" = shift queue ">

Description

Mod for 3v3 (for full build see link): https://lotv.spawningtool.com/build/104483/

Glossary: ">" = shift queue

Build Order

Get SALT Encoding   

  14  0:17  Supply Depot  
  15  0:39  Barracks  > move to CC #2 location
  16  0:43  Refinery  
  19  1:27  Reaper, Orbital Command  scout / harass
  20  1:38  Command Center  CC #2
  20  1:48  Supply Depot  > engi bay > depots..; dedicated depot scv henceforth (hotkey 2)
  21  1:59  Marine  > depot SCV to build engi bay
  22  2:07  Factory  build near desired starport location
  23  2:10  Engineering Bay  
  23  2:12  Refinery  
  23  2:20  Barracks Reactor  on factory for 2 zerg; otherwise on rax
  26  2:51  Orbital Command  
  26  2:56  Starport  
  27  3:00  Hellion  mineral dump; scout
  27  3:02  Marine x2  mineral dump
  35  3:26  Supply Depot  continue on supply depots (less noise)
  39  3:32  Fusion Core  
  41  3:35  Starport Tech Lab  
  45  3:42  Missile Turret x2  1 at each mineral line
  52  4:21  Battlecruiser  
  59  4:25  Command Center  CC #3
  61  4:37  Refinery x2  
  67  4:56  Weapon Refit  
  71  5:25  Battlecruiser  
  86  5:52  Orbital Command  
  86  6:03  Armory x2  
  98  6:25  Refinery x2  
  98  6:34  Battlecruiser  
  110  6:57  Terran Vehicle Weapons Level 1, Terran Vehicle And Ship Armor Level 1  
  116  8:11  Command Center  CC #4
Spawning Tool Build Advisor. Get it on Overwolf

Go to:

Details

  • Created by: IcebergSlim
  • Published on: Nov 11, 2023
  • Modified on: Nov 13, 2023
  • Patch: 5.0.11
  • Difficulty: Medium
Show
View Real Time Build Order
Export as new Build Order

Comments (0)

There are no comments. Be the first!

Create an account to comment!